 Dungeon Crawl Stone Soup version 0.27.1-33-g824d729ab1 (webtiles) character file.

Game seed: 3044479425183046047

65 Anomally the Shield-Bearer (level 3, -1/29 HPs)
             Began as a Vampire Fighter on Dec 14, 2021.
             Was an Initiate of Wu Jian.
             Slain by an iron imp (8 damage)
             ... summoned by Natasha
             ... on level 3 of the Dungeon.
             The game lasted 00:13:56 (1603 turns).

Anomally the Shield-Bearer (Vampire Fighter)        Turns: 1603, Time: 00:13:56

Health: -1/29      AC:  7    Str: 15    XL:     3   Next: 92%
Magic:  3/3        EV: 10    Int: 10    God:    Wu Jian [......]
Gold:   59         SH:  0    Dex: 14    Spells: 2/2 levels left

rFire    . . .     SeeInvis +     - Unarmed
rCold    . . .     Faith    .   (no shield)
rNeg     . . .     Spirit   .   l - +0 ring mail
rPois    .         Reflect  .   e - +0 helmet
rElec    .         Harm     .   i - +0 cloak
rCorr    .         Rampage  .   (no gloves)
Will     .....                  (no boots)
Stlth    +.........             (no amulet)
HPRegen  0.29/turn              (no ring)
MPRegen  0.08/turn              (no ring)

@: healing quickly, slowed, very slow
A: alive, fangs 3, see invisible, vampiric 2
a: Exsanguinate, Renounce Religion


You were on level 3 of the Dungeon.
You worshipped Wu Jian.
Wu Jian was noncommittal.
You visited 1 branch of the dungeon, and saw 3 of its levels.

You collected 59 gold pieces.

Inventory:

Hand Weapons
 g - a +0 hunting sling
Armour
 b - a +0 kite shield
 e - a +0 helmet (worn)
 i - a +0 cloak (worn)
 l - a +0 ring mail (worn)
Scrolls
 f - a scroll of brand weapon {unknown}
 h - 3 scrolls of vulnerability {unknown}
 j - a scroll of magic mapping {unknown}
Potions
 c - 3 potions of might
 d - 2 potions of brilliance {unknown}
 k - a potion of mutation {unknown}


   Skills:
 + Level 3.1 Fighting
 + Level 2.8 Armour
 + Level 1.3 Dodging
 + Level 3.1 Shields
 + Level 2.9 Unarmed Combat


You had 2 spell levels left.
You didn't know any spells.
Your spell library contained the following spells:

 Spells                   Type           Power      Damage    Failure   Level
 Corona                   Hex            0%         N/A       58%         1
 Ensorcelled Hibernation  Hex/Ice        0%         N/A       73%         2
 Tukima's Dance           Hex            0%         N/A       91%         3
 Borgnjor's Revivificati  Necr           Unusable   N/A       N/A         8
 Necromutation            Tmut/Necr      Unusable   N/A       N/A         8
 Death's Door             Necr           Unusable   N/A       N/A         9

Dungeon Overview and Level Annotations

Branches:
Dungeon (3/15)

Altars:
Wu Jian

Shops:
D:2 *

Annotations:
D:3 Natasha


Innate Abilities, Weirdness & Mutations

Your natural rate of healing is accelerated.
You have razor-sharp teeth.
You have supernaturally acute eyesight. (SInv)
You are afflicted with vampirism and can become a bat while bloodless.


Message History

Natasha casts a spell.
You lunge at the rat.
You hit the rat.
The rat is severely wounded.
The rat bites you but does no damage.
You hit the rat but do no damage.
The rat is severely wounded.
The rat bites you but does no damage.
You hit the rat.
You kill the rat!
The Council accepts your kill.
You hit the kobold.
You kill the kobold!
The Council accepts your kill.
You hit Natasha. You punch Natasha. You bite Natasha.
Natasha is heavily wounded.
Natasha closely misses you.
You hit Natasha.
Natasha is heavily wounded.
Natasha casts a spell.
You hit Natasha. You bite Natasha, but do no damage.
Natasha is severely wounded.
Natasha stares at you and mumbles some strange words.
You feel yourself slow down.
You hit Natasha. You bite Natasha, but do no damage.
Natasha is severely wounded.
The crimson imp shouts, "Give up, thou fawning dizzy-eyed crab-lanthorn!"
The crimson imp blinks!
The iron imp hits you. Natasha claws you.
You completely miss Natasha.
Natasha is severely wounded.
The iron imp hits you. Natasha claws you.
You closely miss Natasha. You punch Natasha, but do no damage.
Natasha is severely wounded.
Natasha claws you but does no damage. The iron imp closely misses you.
Natasha barely misses you. The iron imp hits you.
You barely miss Natasha. Your bite misses Natasha.
Natasha is severely wounded.
Natasha claws you.
* * * LOW HITPOINT WARNING * * *
The iron imp hits you!
You die...

#. .[ .# ####.##.##.##
#............
#.##........
#.##..r... #.##.†#.##
#.##.....#
#######.###5#..#
#......5@h.....##..
####.#########........


#PPP.PPPPPPPPP##...... #P...P.P...P.P ..##.. ##PPP.P.PPP.P.P# ..# .
#...........P... .h #.PPPPP)PPPPP.P. ... #####.P.....P...P ...
......PPPPP.PPP.P.P You could see an iron imp (summoned), Natasha and a crimson
imp (summoned).

Vanquished Creatures
  An adder (D:3)
  A dart slug (D:3)
  9 endoplasms (D:1)
  2 giant cockroaches
  6 goblins
  9 hobgoblins
  5 jackals (D:1)
  3 kobolds
  2 quokkas
  A ball python (D:1)
  2 frilled lizards
  4 rats
45 creatures vanquished.

Notes
Turn   | Place    | Note
-------+----------+-------------------------------------------
     0 | D:1      | Anomally the Vampire Fighter began the quest for the Orb.
     0 | D:1      | Reached XP level 1. HP: 17/17 MP: 1/1
   157 | D:1      | Reached XP level 2. HP: 19/23 MP: 2/2
   367 | D:1      | Reached skill level 1 in Dodging
   430 | D:1      | Gained mutation: You are afflicted with vampirism and can
                  | become a bat while bloodless. [Vampire growth]
   430 | D:1      | Reached XP level 3. HP: 26/28 MP: 3/3
  1008 | D:2      | Found Waagrysk's Assorted Antiques.
  1113 | D:2      | Found an ornate altar of the Wu Jian Council.
  1118 | D:2      | Became a worshipper of the Wu Jian Council
  1186 | D:2      | Found a faded altar of an unknown god.
  1586 | D:3      | Noticed Natasha
  1603 | D:3      | Slain by an iron imp

Illustrated notes

Levels and vault maps discovered:
D:1:      dpeg_arrival_simpleton_c, layout_basic
D:2:      layout_loops_ring, hellmonk_ecumenical_altar_lost_god, serial_shops,
          shop, basic_altar, kennysheep_generic_room_13
D:3:      layout_loops_cross, chequers_temple_overflow_minitemple,
          minmay_hedge_maze, minmay_fractal_squares_gapless_5, uniq_robin,
          uniq_natasha

Skill      XL: |  1  2  3 |
---------------+----------+-----
Dodging        | 1 |  1.3
Shields        | 3 |  3.1
Fighting       | 3 |  3.1
Armour         | |  2.8
Unarmed Combat | |  2.9

Action                   || total
-------------------------++-------
Melee: Unarmed           ||   217
       Bite              ||    23
       Punch             ||     4
Invok: Lunge             ||     2
Armor: Scale mail        ||    65
       Ring mail         ||    15
Dodge: Dodged            ||    91
